 Dungeon Sprint DCSS version 0.23.0 (webtiles) character file.

Game seed: 10608604521798928294

147894 nuthulu the Timeless (level 17, -53/174 HPs)
             Began as a Naga Fighter on Feb 18, 2019.
             Was a High Priest of Cheibriados.
             Annihilated by Antaeus
             ... wielding a +0 vampiric whip
              (54 damage)
             ... in the Dungeon (Sprint V: "Ziggurat Sprint").
             The game lasted 00:08:19 (1948 turns).

nuthulu the Timeless (Naga Fighter)                 Turns: 1948, Time: 00:08:20

Health: -53/174    AC: 37    Str: 42    XL:     17   Next: 47%
Magic:  9/52       EV:  4    Int: 24    God:    Cheibriados [*****.]
Gold:   0          SH: 37    Dex: 28    Spells: 39/39 levels left

rFire    + . .     SeeInvis +   F - +14 obsidian axe {chop, +Fly SInv *Curse} (curse)
rCold    + . .     Gourm    .   H - +18 shield of the Gong {rElec rN+ MR+ EV-5}
rNeg     + + .     Faith    .   G - +15 Maxwell's patent armour {-Cast -Tele rElec MR+ rCorr}
rPois    +         Spirit   .   (no helmet)
rElec    +         Reflect  +   (no cloak)
rCorr    +         Harm     .   o - +1 pair of gloves of Boczor {rElec}
MR       +++++     NoTele   +   (no barding) Stlth +++++.....NoCast +
                                b - amulet "Vixzor" {Reflect rElec rF+ MR++ Int-4 SH+2}
HPRegen  0.00/turn              J - ring of Teshuagh {rN+ MP+9 Str+3 Int+4 Stlth+}
MPRegen  0.33/turn              a - ring "Baing" {rC+ MP+9 Str+4}

@: mesmerised, non-regenerating, diseased, studying Evocations, very slow
A: large, see invisible, deformed body, frail 1, poison resistance, slowness 2,
slow metabolism 1, spit poison 1, constrict 1, AC +5
a: Spit Poison, Bend Time, Temporal Distortion, Slouch, Step From Time, Renounce
Religion, Evoke Flight


You were in the Dungeon.
You worshipped Cheibriados.
Cheibriados was extremely pleased with you.
You were not hungry.

You visited 1 branch

Inventory:

Hand Weapons
 F - the cursed +14 obsidian axe (weapon) {chop, +Fly SInv *Curse}
   (You found it in the Dungeon)

   It inflicts extra damage upon your enemies.
   It lets you see invisible.
   It lets you fly.
   It curses itself when equipped.
   It has a curse placed upon it.
Armour
 o - the +1 pair of gloves of Boczor (worn) {rElec}
   (You found it in the Dungeon)

   It insulates you from electricity.
 G - the +15 Maxwell's patent armour (worn) {-Cast -Tele rElec MR+ rCorr}
   (You found it in the Dungeon)

   It insulates you from electricity.
   It affects your resistance to hostile enchantments.
   It prevents spellcasting.
   It prevents most forms of teleportation.
   It provides partial protection from all sources of acid and corrosion.
 H - the +18 shield of the Gong (worn) {rElec rN+ MR+ EV-5}
   (You found it in the Dungeon)

   It affects your evasion (-5).
   It insulates you from electricity.
   It protects you from negative energy.
   It affects your resistance to hostile enchantments.
Jewellery
 a - the ring "Baing" (right hand) {rC+ MP+9 Str+4}
   (You found it in the Dungeon)

   [ring of magical power]

   It affects your strength (+4).
   It protects you from cold.
   It affects your magic capacity (+9).
 b - the amulet "Vixzor" (around neck) {Reflect rElec rF+ MR++ Int-4 SH+2}
   (You found it in the Dungeon)

   [amulet of reflection]

   It shields you and reflects attacks.
   It affects your intelligence (-4).
   It protects you from fire.
   It insulates you from electricity.
   It affects your resistance to hostile enchantments.
   It affects your SH (+2).
 z - a +6 ring of dexterity
 A - a +6 ring of dexterity
 B - a +6 ring of intelligence
 C - a +6 ring of intelligence
 D - a +6 ring of strength
 E - a +6 ring of strength
 I - an uncursed ring of protection from cold
 J - the ring of Teshuagh (left hand) {rN+ MP+9 Str+3 Int+4 Stlth+}
   (You found it in the Dungeon)

   [ring of intelligence]

   It affects your strength (+3).
   It affects your intelligence (+4).
   It protects you from negative energy.
   It affects your magic capacity (+9).
   It makes you more stealthy.
 L - the amulet "Pecoqau" {+Rage Dex+6}
   (You took it off a deep elf blademaster in the Dungeon)

   [amulet of rage]

   It affects your dexterity (+6).
   It lets you go berserk.
Wands
 w - a wand of disintegration (7)
 x - a wand of iceblast (7)
 y - a wand of acid (7)
Scrolls
 c - a scroll of brand weapon
 k - 4 scrolls of blinking
 q - 4 scrolls of amnesia
 r - 7 scrolls of fog
 s - a scroll of holy word
 t - 5 scrolls of identify
 u - 5 scrolls of remove curse
 v - 2 scrolls of fear
 K - 4 scrolls of enchant armour
Potions
 d - 6 potions of might
 e - 9 potions of curing
 g - 7 potions of heal wounds
 h - 6 potions of haste
 i - 6 potions of magic
 j - 3 potions of berserk rage
 l - 2 potions of brilliance
 m - 2 potions of invisibility
 n - 4 potions of resistance
 p - 5 potions of agility
Books
 M - a manual of Evocations
Comestibles
 f - 5 rations


   Skills:
 + Level 22.6 Fighting
 + Level 22.6 Axes
 + Level 19.7 Armour
 - Level 2.1 Dodging
 - Level 20.7 Stealth
 - Level 13.3 Shields
 - Level 11.9 Spellcasting
 O Level 27 Invocations


You had 39 spell levels left.
You didn't know any spells.
Your spell library was empty.

Dungeon Overview and Level Annotations

Branches:
Dungeon (1/1)

Altars:
Ashenzari
Cheibriados
Dithmenos
Elyvilon
Fedhas
Gozag
Hepliaklqana
Kikubaaqudgha
Makhleb
Nemelex Xobeh
Okawaru
Qazlal
Ru
Sif Muna
Trog
Uskayaw
Vehumet
Wu Jian
Xom
Yredelemnul
Zin
The Shining One
Beogh
Jiyva
Lugonu

Annotations:
D Antaeus, Lom Lobon


Innate Abilities, Weirdness & Mutations

You cannot wear boots.
Your serpentine skin is tough. (AC +5)
You have supernaturally acute eyesight. (SInv)
Armour fits poorly on your strangely shaped body.
Your system is resistant to poisons. (rPois)
You cover ground very slowly.
You have a slow metabolism.
You can spit poison.
You can use your snake-like lower body to constrict enemies.
You are frail. (-10% HP)


Message History

Antaeus hits you but does no damage. You block Antaeus's attack.
GONNNNG!
Unknown command.
You feel much better. The ice encasing you melts away.
You constrict Lom Lobon!
Lom Lobon gestures.
Lom Lobon is healed.
You block Antaeus's attack.
BONNNG!
Antaeus hits you with a +0 vampiric whip.
* * * LOW HITPOINT WARNING * * *
Antaeus freezes you!! You resist.
* * * LOW HITPOINT WARNING * * *
Unknown command.
You can feel time thicken for a moment.
You feel somewhat more hungry.
You feel less vulnerable to fire.
You constrict Lom Lobon! You block Lom Lobon's attack.
GONNNNG!
Antaeus hits you with a +0 vampiric whip!!!
You die...

...§§§§.§§§§§..▓..▓.......▓.
...§)....†.....▓.▓▓▓.....▓▓▓
.§.§.))...(.)..▓..▓.......▓.
.§.§...........▓............
...§......)....▓......©.....
...§...........▓▓▓▓▓▓▓▓▓▓▓▓▓
...)...........▓
..........C))..▓
..........&@...▓
...............▓
.......©.......▓
▓▓▓▓▓▓▓▓▓▓▓▓▓▓▓▓


You could see Antaeus and Lom Lobon.

Vanquished Creatures
  Cerebov (D)
  the Royal Jelly (D)
  Gloorx Vloq (D)
  the Serpent of Hell (D)
  Dispater (D)
  the Enchantress (D)
  2 liches (D)
  5 deep elf master archers (D)
  7 acid blobs (D)
  5 deep elf blademasters (D)
  Frances (D)
  4 azure jellies (D)
  Aizul (D)
  A draconian knight (D)
  Louise (D)
  Ilsuiw (D)
  3 deep elf sorcerers (D)
  2 draconian scorchers (D)
  2 frost giants (D)
  2 ghouls (D)
  A stone giant (D)
  2 very ugly things (D)
  Azrael (D)
  A purple draconian (D)
  A vampire knight (D)
  A black draconian (D)
  4 green draconians (D)
  5 deep elf annihilators (D)
  2 red draconians (D)
  2 yellow draconians (D)
  2 blizzard demons (D)
  A merfolk javelineer (D)
  7 deep elf high priests (D)
  6 death oozes (D)
  3 two-headed ogres (D)
  An ice dragon (D)
  2 centaur warriors (D)
  3 dancing weapons (D)
  3 vampire magi (D)
  7 deep elf knights (D)
  6 skeletal warriors (D)
  A spriggan druid (D)
  4 deep elf archers (D)
  4 necromancers (D)
  5 cyclopes (D)
  An orc sorcerer (D)
  An ugly thing (D)
  A faun (shapeshifter) (D)
  A shining eye (D)
  A moth of wrath (shapeshifter) (D)
  A shining eye (shapeshifter) (D)
  17 deep elf magi (D)
  Maurice (D)
  A rime drake (D)
  An ice devil (D)
  4 freezing wraiths (D)
  3 yaktaurs (D)
  2 merfolk (D)
  3 trolls (D)
  A queen bee (shapeshifter) (D)
  A merfolk (shapeshifter) (D)
  3 polar bears (D)
  A jumping spider (D)
  2 hippogriffs (D)
  2 dream sheep (shapeshifter) (D)
  3 shadows (D)
  An air elemental (D)
  3 spriggans (D)
  A tarantella (D)
  A vampire (D)
  3 water elementals (D)
  6 neqoxecs (D)
  A soldier ant (shapeshifter) (D)
  2 hell hounds (D)
  3 ice beasts (D)
  A black bear (D)
  An ogre (D)
  2 necrophages (D)
  A centaur (D)
  5 wolves (D)
  2 bullfrogs (D)
  2 earth elementals (D)
  7 wights (D)
  2 crimson imps (D)
  A quasit (D)
  An orc priest (D)
  An orc wizard (D)
  A white imp (D)
  An adder zombie (D)
  14 ball lightnings (D)
  An orc (D)
  2 bat skeletons (D)
  A bat zombie (D)
  2 jackals (D)
  A bat simulacrum (D)
  A giant cockroach simulacrum (D)
  2 giant cockroach zombies (D)
  2 leopard gecko skeletons (D)
  A leopard gecko zombie (D)
  A fire vortex (D)
246 creatures vanquished.

Vanquished Creatures (collateral kills)
  A merfolk (D)
  A fire elemental (D)
  A wolf (D)
  A white imp (D)
4 creatures vanquished.

Vanquished Creatures (others)
  Mara (D)
  Margery (D)
  2 deep elf master archers (D)
  Polyphemus (D)
  An acid blob (D)
  3 stone giants (D)
  Nessos (D)
  A merfolk javelineer (D)
  A deep elf knight (D)
  Nergalle (D)
  Prince Ribbit (D)
  Menkaure (D)
  Blork the orc (D)
  Jessica (D)
  3 ball lightnings (D)
20 creatures vanquished.

Grand Total: 270 creatures vanquished

Notes
Turn   | Place    | Note
-------+----------+-------------------------------------------
     0 | D        | Found the +6 Majin-Bo {vamp, Archmagi MP+6 Int+6}
     0 | D        | Found the +7 great mace "Firestarter" {inner flame, rF++}
     0 | D        | nuthulu the Naga Fighter began the quest for the Orb.
     0 | D        | Reached XP level 1. HP: 21/21 MP: 1/1
     0 | D        | Found a deep blue altar of Sif Muna.
     0 | D        | Found a sacrificial altar of Ru.
     0 | D        | Found a bloodstained altar of Trog.
     0 | D        | Found a stormy altar of Qazlal.
     0 | D        | Found an iron altar of Okawaru.
     0 | D        | Found a sparkling altar of Nemelex Xobeh.
     0 | D        | Found a blossoming altar of Fedhas.
     2 | D        | Found a transporter.
     2 | D        | Found an ancient bone altar of Kikubaaqudgha.
     2 | D        | Found a viscous altar of Jiyva.
     2 | D        | Found a corrupted altar of Lugonu.
     2 | D        | Found a hazy altar of Hepliaklqana.
     2 | D        | Found a burning altar of Makhleb.
     2 | D        | Found an opulent altar of Gozag.
    20 | D        | Found the +9 heavy crossbow "Sniper" {velocity, Acc+∞ SInv}
    20 | D        | Found the +10 dark maul {crush}
    20 | D        | Found the +15 Maxwell's patent armour {-Cast -Tele rElec
                  | MR+ rCorr}
    20 | D        | Found the +18 shield of the Gong {rElec rN+ MR+ EV-5}
    20 | D        | Found the cursed +14 obsidian axe {chop, +Fly SInv *Curse}
    45 | D        | Reached XP level 2. HP: 30/30 MP: 1/5
    55 | D        | Became a worshipper of Cheibriados the Contemplative
    89 | D        | Entered arena 2.
    89 | D        | Noticed a tarantella
    89 | D        | Noticed a jumping spider
    89 | D        | Found a transporter.
    94 | D        | Killed a jumping spider
    94 | D        | Reached skill level 5 in Fighting
    94 | D        | Reached skill level 5 in Axes
    94 | D        | Reached skill level 5 in Invocations
    94 | D        | Reached XP level 3. HP: 39/40 MP: 5/8
    94 | D        | Reached XP level 4. HP: 47/48 MP: 6/10
    94 | D        | Reached XP level 5. HP: 54/55 MP: 6/11
    99 | D        | Killed a tarantella
    99 | D        | Reached * piety under Cheibriados
    99 | D        | Reached skill level 5 in Armour
    99 | D        | Reached skill level 5 in Shields
    99 | D        | Reached skill level 6 in Invocations
    99 | D        | Reached XP level 6. HP: 62/62 MP: 6/13
   142 | D        | Entered arena 3.
   142 | D        | Found a transporter.
   145 | D        | Reached ** piety under Cheibriados
   145 | D        | Reached skill level 7 in Invocations
   153 | D        | Entered arena 4.
   153 | D        | Noticed a polar bear
   153 | D        | Noticed an ice beast
   153 | D        | Noticed a polar bear
   153 | D        | Found a transporter.
   156 | D        | Killed a polar bear
   156 | D        | Reached *** piety under Cheibriados
   156 | D        | Reached skill level 5 in Spellcasting
   156 | D        | Reached skill level 8 in Invocations
   156 | D        | Reached XP level 7. HP: 70/70 MP: 13/15
   157 | D        | Reached **** piety under Cheibriados
   165 | D        | Killed a polar bear
   165 | D        | Reached skill level 9 in Invocations
   165 | D        | Reached XP level 8. HP: 55/80 MP: 14/17
   268 | D        | Entered arena 5.
   268 | D        | Found a transporter.
   272 | D        | Reached ***** piety under Cheibriados
   349 | D        | Entered arena 6.
   349 | D        | Noticed a red very ugly thing
   349 | D        | Found a transporter.
   353 | D        | Reached skill level 1 in Stealth
   354 | D        | Killed a red very ugly thing
   354 | D        | Reached skill level 10 in Invocations
   354 | D        | Reached XP level 9. HP: 85/90 MP: 17/19
   354 | D        | Reached ****** piety under Cheibriados
   354 | D        | Reached skill level 11 in Invocations
   361 | D        | Entered arena 7.
   361 | D        | Noticed a merfolk
   361 | D        | Noticed a merfolk
   361 | D        | Noticed a merfolk
   361 | D        | Noticed a cyclops
   365 | D        | Found a transporter.
   368 | D        | Killed a merfolk
   370 | D        | Killed a cyclops
   370 | D        | Reached skill level 10 in Stealth
   376 | D        | Killed a merfolk
   379 | D        | Killed a merfolk
   379 | D        | Reached skill level 12 in Invocations
   379 | D        | Reached XP level 10. HP: 22/99 MP: 21/21
   666 | D        | Entered arena 8.
   667 | D        | Found a transporter.
   682 | D        | Got the amulet "Vixzor" {Reflect rElec rF+ MR++ Int-4 SH+2}
   747 | D        | Entered arena 9.
   748 | D        | Found a transporter.
   763 | D        | Entered arena 10.
   763 | D        | Noticed a spriggan druid
   764 | D        | Reached skill level 13 in Invocations
   764 | D        | Killed a spriggan druid
   764 | D        | Reached skill level 10 in Fighting
   765 | D        | Found a transporter.
   786 | D        | Entered arena 11.
   786 | D        | Noticed an orc sorcerer
   786 | D        | Noticed a deep elf knight
   786 | D        | Noticed a deep elf mage
   786 | D        | Noticed a deep elf archer
   786 | D        | Noticed a deep elf mage
   786 | D        | Noticed a +1 long sword of holy wrath
   786 | D        | Noticed a deep elf knight
   786 | D        | Noticed a deep elf mage
   787 | D        | Identified the ring of Attitude {Wiz MP+9 Int+4}
   787 | D        | Found a transporter.
   788 | D        | Killed a +1 long sword of holy wrath
   789 | D        | Reached XP level 11. HP: 108/108 MP: 17/24
   789 | D        | Killed a deep elf knight
   789 | D        | Reached skill level 10 in Axes
   789 | D        | Killed a deep elf mage
   789 | D        | Reached skill level 14 in Invocations
   789 | D        | Killed a deep elf knight
   789 | D        | Reached skill level 15 in Stealth
   789 | D        | Killed a deep elf archer
   789 | D        | Killed an orc sorcerer
   789 | D        | Killed a deep elf mage
   789 | D        | Killed a deep elf mage
   860 | D        | Entered arena 12.
   860 | D        | Noticed a deep elf blademaster
   860 | D        | Noticed a deep elf archer
   860 | D        | Noticed a deep elf archer
   860 | D        | Noticed a deep elf mage
   860 | D        | Noticed a deep elf knight
   861 | D        | Noticed a deep elf annihilator
   861 | D        | Noticed a deep elf mage
   861 | D        | Noticed a deep elf knight
   861 | D        | Noticed a deep elf mage
   861 | D        | Noticed a deep elf mage
   863 | D        | Killed a deep elf mage
   863 | D        | Killed a deep elf mage
   863 | D        | Killed a deep elf mage
   863 | D        | Reached skill level 15 in Invocations
   863 | D        | Killed a deep elf knight
   863 | D        | Killed a deep elf archer
   863 | D        | Reached skill level 10 in Spellcasting
   863 | D        | Killed a deep elf blademaster
   863 | D        | Reached XP level 12. HP: 120/120 MP: 19/26
   863 | D        | Killed a deep elf knight
   863 | D        | Reached skill level 10 in Armour
   864 | D        | Found a transporter.
   865 | D        | Killed a deep elf annihilator
   865 | D        | Reached skill level 10 in Shields
   865 | D        | Reached skill level 16 in Invocations
  1036 | D        | Entered arena 13.
  1037 | D        | Noticed a green very ugly thing
  1041 | D        | Found a transporter.
  1042 | D        | Killed a green very ugly thing
  1044 | D        | Gained mutation: You are frail. (-10% HP) [a shining eye]
  1100 | D        | Entered arena 14.
  1101 | D        | Noticed a stone giant
  1101 | D        | Noticed a deep elf master archer
  1101 | D        | Noticed a merfolk javelineer
  1101 | D        | Noticed a merfolk javelineer
  1101 | D        | Noticed a deep elf master archer
  1101 | D        | Noticed a stone giant
  1102 | D        | Noticed a centaur warrior
  1103 | D        | Killed a centaur warrior
  1103 | D        | Reached skill level 17 in Invocations
  1103 | D        | Noticed a centaur warrior
  1104 | D        | Killed a merfolk javelineer
  1105 | D        | Killed a deep elf master archer
  1105 | D        | Gained mutation: You can use your snake-like lower body to
                  | constrict enemies. [Naga growth]
  1105 | D        | Reached XP level 13. HP: 58/117 MP: 13/28
  1105 | D        | Killed a stone giant
  1105 | D        | Killed a deep elf master archer
  1105 | D        | Killed a merfolk javelineer
  1105 | D        | Reached skill level 18 in Invocations
  1105 | D        | Killed a stone giant
  1108 | D        | Found a transporter.
  1277 | D        | Entered arena 15.
  1278 | D        | Noticed a yellow draconian
  1278 | D        | Noticed a green draconian scorcher
  1278 | D        | Noticed a green draconian
  1278 | D        | Noticed a white draconian knight
  1278 | D        | Noticed a red draconian
  1278 | D        | Noticed a yellow draconian
  1279 | D        | Noticed a green draconian
  1279 | D        | Noticed a green draconian
  1279 | D        | Noticed a purple draconian scorcher
  1279 | D        | Noticed a purple draconian
  1279 | D        | Noticed a red draconian
  1279 | D        | Noticed a green draconian
  1279 | D        | Noticed a black draconian
  1280 | D        | Found a transporter.
  1283 | D        | Killed a white draconian knight
  1283 | D        | Killed a purple draconian scorcher
  1284 | D        | Killed a green draconian
  1284 | D        | Killed a yellow draconian
  1284 | D        | Killed a red draconian
  1284 | D        | Reached skill level 19 in Invocations
  1285 | D        | Killed a black draconian
  1285 | D        | Killed a green draconian scorcher
  1285 | D        | Killed a green draconian
  1285 | D        | Killed a red draconian
  1285 | D        | Killed a green draconian
  1285 | D        | Reached XP level 14. HP: 80/129 MP: 13/29
  1285 | D        | Killed a green draconian
  1285 | D        | Killed a yellow draconian
  1285 | D        | Reached skill level 20 in Invocations
  1288 | D        | Killed a purple draconian
  1435 | D        | Entered arena 16.
  1436 | D        | Noticed a stone giant
  1437 | D        | Noticed a stone giant
  1437 | D        | Noticed a frost giant
  1439 | D        | Killed a stone giant
  1439 | D        | Killed a stone giant
  1441 | D        | Killed a frost giant
  1441 | D        | Reached skill level 21 in Invocations
  1442 | D        | Found a transporter.
  1450 | D        | Got the ring "Baing" {rC+ MP+9 Str+4}
  1456 | D        | Got the +1 pair of gloves of Boczor {rElec}
  1592 | D        | Entered arena 17.
  1596 | D        | Noticed a frost giant
  1598 | D        | Reached skill level 15 in Fighting
  1599 | D        | Found a transporter.
  1600 | D        | Reached skill level 15 in Axes
  1602 | D        | Killed a frost giant
  1610 | D        | Entered arena 18.
  1616 | D        | Noticed a ghoul
  1618 | D        | Noticed a lich
  1626 | D        | Killed a lich
  1626 | D        | Reached skill level 22 in Invocations
  1628 | D        | Killed a ghoul
  1629 | D        | Found a transporter.
  1703 | D        | Entered arena 19.
  1706 | D        | Noticed a deep elf master archer
  1706 | D        | Noticed a deep elf blademaster
  1706 | D        | Identified the cursed +1 robe of Exclusion {rC+ rN+++ Str-4
                  | Stlth+}
  1706 | D        | Noticed a deep elf blademaster
  1708 | D        | Noticed a deep elf annihilator
  1708 | D        | Reached XP level 15. HP: 117/140 MP: 30/30
  1708 | D        | Identified the +6 broad axe of Qizade Lown {pain, *Noise
                  | rC+ MR++ Int+2}
  1709 | D        | Killed a deep elf blademaster
  1709 | D        | Killed a deep elf master archer
  1709 | D        | Reached skill level 23 in Invocations
  1710 | D        | Killed a deep elf blademaster
  1714 | D        | Found a transporter.
  1765 | D        | Entered arena 20.
  1770 | D        | Noticed a lich
  1770 | D        | Noticed a ghoul
  1775 | D        | Killed a lich
  1775 | D        | Reached skill level 24 in Invocations
  1775 | D        | Reached skill level 15 in Armour
  1778 | D        | Killed a ghoul
  1779 | D        | Found a transporter.
  1785 | D        | Got the ring of Teshuagh {rN+ MP+9 Str+3 Int+4 Stlth+}
  1840 | D        | Entered arena 21.
  1844 | D        | Noticed a deep elf sorcerer
  1844 | D        | Noticed a deep elf sorcerer
  1844 | D        | Noticed a deep elf master archer
  1844 | D        | Noticed a deep elf master archer
  1844 | D        | Identified the +4 short sword of Greatest Utility {pierce,
                  | rC+ rN+ Str+3}
  1844 | D        | Identified the ring "Suwoq" {Wiz rF++ Str-3 Dex+3}
  1844 | D        | Noticed a deep elf master archer
  1845 | D        | Identified the +1 leather armour of the Mind {rC+}
  1845 | D        | Identified the ring of Umaoduf {+Fly rPois rF+ Stlth+}
  1845 | D        | Noticed a deep elf master archer
  1846 | D        | Killed a deep elf sorcerer
  1846 | D        | Reached skill level 25 in Invocations
  1846 | D        | Noticed a deep elf blademaster
  1846 | D        | Killed a deep elf master archer
  1847 | D        | Identified the amulet "Pecoqau" {+Rage Dex+6}
  1847 | D        | Noticed a deep elf blademaster
  1847 | D        | Killed a deep elf sorcerer
  1847 | D        | Reached XP level 16. HP: 153/153 MP: 32/32
  1847 | D        | Killed a deep elf master archer
  1848 | D        | Identified the ring "Jifoadeu" {Wiz rC- rN+++ Dex-5 SInv}
  1848 | D        | Killed a deep elf master archer
  1848 | D        | Killed a deep elf master archer
  1849 | D        | Killed a deep elf blademaster
  1849 | D        | Reached skill level 26 in Invocations
  1849 | D        | Killed a deep elf blademaster
  1856 | D        | Found a transporter.
  1923 | D        | Entered arena 22.
  1927 | D        | Identified the +4 faerie dragon scales {rF+ rCorr}
  1927 | D        | Noticed the Enchantress
  1927 | D        | Noticed Menkaure
  1927 | D        | Noticed Polyphemus
  1927 | D        | Noticed Frances
  1927 | D        | Noticed Prince Ribbit
  1927 | D        | Noticed Antaeus
  1927 | D        | Noticed Blork the orc
  1927 | D        | Noticed Louise
  1927 | D        | Noticed Lom Lobon
  1927 | D        | Noticed Nessos
  1927 | D        | Noticed Margery
  1928 | D        | Noticed Nergalle
  1928 | D        | Noticed Maurice
  1928 | D        | Noticed Jessica
  1928 | D        | Noticed Mara
  1928 | D        | Identified the +4 staff of Dispater
  1928 | D        | Noticed Dispater
  1928 | D        | Killed Menkaure
  1928 | D        | Killed Jessica
  1928 | D        | Identified the +6 sword of Cerebov {flame}
  1928 | D        | Noticed Cerebov
  1928 | D        | Noticed the Serpent of Hell
  1928 | D        | Killed Blork the orc
  1928 | D        | Killed Prince Ribbit
  1928 | D        | Killed Nergalle
  1928 | D        | Killed Nessos
  1928 | D        | Noticed Aizul
  1928 | D        | Noticed Azrael
  1928 | D        | Noticed Ilsuiw
  1929 | D        | Noticed a golden dragon
  1929 | D        | Killed the Enchantress
  1929 | D        | Killed Maurice
  1929 | D        | Killed Azrael
  1929 | D        | Noticed Gloorx Vloq
  1930 | D        | Killed Louise
  1930 | D        | Killed Frances
  1930 | D        | Killed Polyphemus
  1930 | D        | Killed Margery
  1930 | D        | Reached skill level 27 in Invocations
  1930 | D        | Noticed an Executioner
  1930 | D        | Noticed an Executioner
  1931 | D        | Killed Aizul
  1931 | D        | Killed Mara
  1932 | D        | Noticed an Executioner
  1932 | D        | Noticed an Executioner
  1934 | D        | Killed Gloorx Vloq
  1934 | D        | Noticed an acid blob
  1934 | D        | Noticed the Royal Jelly
  1934 | D        | Noticed an azure jelly
  1935 | D        | Killed Ilsuiw
  1935 | D        | Noticed an acid blob
  1935 | D        | Noticed an acid blob
  1935 | D        | Noticed an azure jelly
  1935 | D        | Noticed an azure jelly
  1935 | D        | Noticed an acid blob
  1936 | D        | Killed an acid blob
  1936 | D        | Noticed an acid blob
  1936 | D        | Noticed an acid blob
  1937 | D        | Noticed an acid blob
  1938 | D        | Noticed an azure jelly
  1938 | D        | Killed an azure jelly
  1938 | D        | Killed an acid blob
  1939 | D        | Noticed an acid blob
  1941 | D        | Noticed a golden dragon
  1941 | D        | Killed an azure jelly
  1941 | D        | Killed an acid blob
  1941 | D        | Killed an acid blob
  1941 | D        | Killed an azure jelly
  1941 | D        | Killed the Serpent of Hell
  1941 | D        | Killed an acid blob
  1941 | D        | Killed the Royal Jelly
  1941 | D        | Reached XP level 17. HP: 44/170 MP: 8/34
  1943 | D        | Killed an acid blob
  1943 | D        | Killed an acid blob
  1944 | D        | Killed an acid blob
  1945 | D        | HP: 5/170 [Antaeus/flash freeze (15)]
  1946 | D        | Killed Cerebov
  1946 | D        | Killed Dispater
  1947 | D        | HP: 1/174 [Antaeus/+0 vampiric whip (24)]
  1948 | D        | Annihilated by Antaeus

Skill      XL: |  1  2  3  4  5  6  7  8  9 10 11 12 13 14 15 16 17 |
---------------+----------------------------------------------------+-----
Fighting       | 4 5 6 7 8 9 10 11 12 14 15 18 21 22 | 22.6
Axes           | 3 5 6 8 9 11 12 13 15 18 21 22 | 22.6
Armour         | 3 4 5 6 7 8 9 10 12 13 15 18 19 | 19.7
Dodging        | 2 |  2.1
Shields        | 3 4 5 6 7 8 9 10 12 13 | 13.3
Spellcasting   | 2 4 5 6 7 9 10 11 | 11.9
Invocations    | 5 6 8 9 10 12 13 15 17 19 22 25 27 | 27.0
Stealth        | 7 10 14 17 20 | 20.7

Action                   |  1- 3 |  4- 6 |  7- 9 | 10-12 | 13-15 | 16-18 || total
-------------------------+-------+-------+-------+-------+-------+-------++-------
Melee: Broad axe         |     4 |    10 |    31 |    11 |    18 |     2 ||    76
       Constrict         |       |       |       |       |     3 |     1 ||     4
Invok: Slouch            |       |       |       |    14 |    28 |    20 ||    62
  Use: Potion            |     1 |       |       |     1 |       |     4 ||     6
 Stab: Distracted        |       |       |     3 |       |       |       ||     3
  Eat: Ration            |       |       |       |       |     2 |     1 ||     3
Armor: Plate armour      |     3 |     3 |    35 |    11 |     9 |     9 ||    70
Dodge: Dodged            |       |       |     4 |     3 |     4 |     1 ||    12
Block: Shield            |    10 |    16 |    87 |    38 |    53 |    39 ||   243
       Reflection        |       |       |       |    10 |    13 |     8 ||    31
